 Dungeon Crawl Stone Soup version 0.29.0-4-gdea44cf6ec (webtiles) character file.

Game seed: 13442913049453900764

106 qw the Chopper (level 4, -1/26 HPs)
             Began as a Tengu Warper on Aug 28, 2022.
             Slain by a gnoll
             ... wielding a +0 halberd
              (2 damage)
             ... on level 3 of the Dungeon.
             The game lasted 00:00:14 (2343 turns).

qw the Chopper (Tengu Warper)                       Turns: 2343, Time: 00:00:15

Health: -1/26      AC:  6    Str: 13    XL:     4   Next: 84%
Magic:  8/8        EV: 11    Int: 14    God:
Gold:   129        SH:  0    Dex: 13    Spells: 7/7 levels left

rFire   + . .      SeeInvis .   a - +3 hand axe
rCold   . . .      Faith    .   (no shield)
rNeg    . . .      Spirit   .   g - +0 ring mail
rPois   .          Reflect  .   (helmet restricted)
rElec   .          Harm     .   (no cloak)
rCorr   .          Rampage  .   k - +0 pair of gloves
Will    .....                   (boots unavailable)
Stlth   +.........              (no amulet)
HPRegen 0.08/turn               d - ring of protection from fire
MPRegen 0.11/turn               (no ring)

@: no status effects
A: beak, talons 3
a: no special abilities


You were on level 3 of the Dungeon.
You visited 1 branch of the dungeon, and saw 3 of its levels.

You collected 129 gold pieces.


Innate Abilities, Weirdness & Mutations

You have a beak for a mouth.
You have claws for feet.


   Skills:
 - Level 2.0 Fighting
 + Level 5.3 Axes
 - Level 1.0 Throwing
 - Level 1.1 Armour
 - Level 2.1 Dodging
 - Level 2.0 Spellcasting
 - Level 2.4 Translocations


You had 7 spell levels left.
You didn't know any spells.
Your spell library contained the following spells:

 Spells                   Type           Power      Damage    Failure   Level
 Blink                    Tloc           16%        N/A       28%         2
 Gell's Gravitas          Tloc           8%         N/A       50%         3
 Lesser Beckoning         Tloc           8%         N/A       50%         3
 Teleport Other           Tloc           8%         N/A       50%         3
 Manifold Assault         Tloc           8%         N/A       99%         5

Inventory:

Hand Weapons
 a - a +3 hand axe (weapon)
 f - a +0 mace
Armour
 g - a +0 ring mail (worn)
 k - a +0 pair of gloves (worn)
Jewellery
 d - a ring of protection from fire (left hand)
Scrolls
 c - a scroll of identify {unknown}
 j - a scroll of poison {unknown}
Potions
 b - a potion of lignification {unknown}
 e - a potion of berserk rage {unknown}
 h - a potion of curing {unknown}
 i - a potion of brilliance {unknown}

Dungeon Overview and Level Annotations

Branches:
Dungeon (3/15)

Altars:
Hepliaklqana


Message History

Enter note: A gnoll comes into view. It is wielding a +0 halberd.
The gnoll shouts! x2
The gnoll hits you but does no damage.
The gnoll hits you from afar with a +0 spear.
You hit the gnoll but do no damage. You claw the gnoll.
The gnoll is moderately wounded.
The gnoll hits you but does no damage. The gnoll closely misses you.
You slash the gnoll! You claw the gnoll.
You kill the gnoll!
The gnoll hits you from afar with a +0 spear.
Found 6 gold pieces.
The gnoll barely misses you.
The gnoll hits you from afar with a +0 halberd.
Things that are here:
a +0 spear; a gnoll corpse You barely miss the gnoll.
You claw the gnoll. You peck the gnoll, but do no damage.
The gnoll is lightly wounded.
The gnoll hits you from afar with a +0 halberd.
The gnoll hits you with a +0 spear.
You closely miss the gnoll. You claw the gnoll!
The gnoll is severely wounded.
The gnoll hits you from afar with a +0 halberd!
The gnoll barely misses you.
You slash the gnoll!
You kill the gnoll!
The gnoll barely misses you. The gnoll closely misses you.
You see here a +0 spear.
You hit the gnoll. You claw the gnoll.
The gnoll is moderately wounded.
The gnoll misses you.
You hit the gnoll.
The gnoll is severely wounded.
The gnoll hits you with a +0 halberd.
You barely miss the gnoll.
The gnoll is severely wounded.
The gnoll hits you with a +0 halberd.
You die...

############
...........##########
##................#
#....<##.#.#.####.#
##....##.#.#.# #.#
##.#.##.#.#.## #.#
#.#.##......# #.#
#.#)####.#..# #.#### #
#@# #.#..# #.##..
#...g####.#..###.##.#
#............%....##.#
#.......######.######.#
#......... ###......##.#
+.........+.............
#...$.....####...##.##.#
##.......## #......##.#
#.#######..


You could see a gnoll.

Vanquished Creatures
  Robin (D:3)
  2 gnolls (D:3)
  2 adders (D:2)
  A worm (D:2)
  An orc (D:3)
  6 ball pythons
  8 endoplasms
  A giant cockroach (D:2)
  7 goblins
  3 hobgoblins
  3 kobolds
  A quokka (D:1)
  7 bats
  5 frilled lizards
  7 rats
55 creatures vanquished.

Vanquished Creatures (others)
  3 plants (D:3)
3 creatures vanquished.

Grand Total: 58 creatures vanquished

Notes
Turn   | Place    | Note
-------+----------+-------------------------------------------
     0 | D:1      | qw the Tengu Warper began the quest for the Orb.
     0 | D:1      | Reached XP level 1. HP: 12/12 MP: 4/4
     0 | D:1      | 0 ||| qw: Version: 0.1-a-89-g26bdef1
     0 | D:1      | 0 ||| qw: Game counter: 435
     0 | D:1      | 0 ||| qw: Always use a shield: true
     0 | D:1      | 0 ||| qw: God list: Okawaru
     0 | D:1      | 0 ||| qw: Allow faded altars: false
     0 | D:1      | 0 ||| qw: Do Orc after D:15 true
     0 | D:1      | 0 ||| qw: Do second Lair branch before Depths: true
     0 | D:1      | 0 ||| qw: Lair rune preference: random
     0 | D:1      | 0 ||| qw: Plans: Normal
     0 | D:1      | 0 ||| PLANNING D:1-11
   169 | D:1      | Reached skill level 3 in Axes
   169 | D:1      | Reached XP level 2. HP: 14/17 MP: 6/6
   710 | D:1      | Reached XP level 3. HP: 21/21 MP: 7/7
   815 | D:1      | Found a faded altar of an unknown god.
   930 | D:1      | 930 ||| Stepping ~*~*~tactically~*~*~ (stealth).
   962 | D:1      | 962 ||| UPGRADING to +0 ring mail.
   972 | D:1      | 972 ||| DROPPING +0 leather armour.
   973 | D:1      | 973 ||| UPGRADING to ring of protection from fire.
   974 | D:1      | 974 ||| DROPPING scroll of blinking.
  1032 | D:2      | Reached skill level 4 in Axes
  1060 | D:2      | 1060 ||| Stepping ~*~*~tactically~*~*~ (stealth).
  1327 | D:2      | 1327 ||| Stepping ~*~*~tactically~*~*~ (stealth).
  1491 | D:2      | 1491 ||| Stepping ~*~*~tactically~*~*~ (hiding).
  1493 | D:2      | 1493 ||| Stepping ~*~*~tactically~*~*~ (hiding).
  1497 | D:2      | Reached XP level 4. HP: 21/26 MP: 8/8
  2000 | D:2      | 2000 ||| UPGRADING to +0 pair of gloves.
  2005 | D:2      | 2005 ||| READING scroll labelled REDEAJONWE.
  2010 | D:2      | 2010 ||| READING scroll labelled DIKLEH JEUHI.
  2011 | D:2      | 2011 ||| READING scroll labelled CALYOCV LUTOFOYV.
  2012 | D:2      | 2012 ||| READING scroll labelled FIAMOKL ORANI.
  2029 | D:3      | 2029 ||| SWAPPING to +3 hand axe.
  2030 | D:3      | 2030 ||| DROPPING +0 hand axe.
  2107 | D:3      | Found a hazy altar of Hepliaklqana.
  2111 | D:3      | 2111 ||| Stepping ~*~*~tactically~*~*~ (stealth).
  2152 | D:3      | Noticed Robin
  2153 | D:3      | 2153 ||| Stepping ~*~*~tactically~*~*~ (hiding).
  2159 | D:3      | Killed Robin
  2160 | D:3      | Reached skill level 5 in Axes
  2338 | D:3      | HP: 4/26 [gnoll/+0 halberd (11)]
  2342 | D:3      | HP: 1/26 [gnoll/+0 halberd (3)]
  2343 | D:3      | Slain by a gnoll

Levels and vault maps discovered:
D:1:      roderic_octagonal_star, layout_loops_ring, basic_ecumenical_altar
D:2:      layout_basic, st_stairs_14
D:3:      layout_loops_corners, mainiacjoe_overflow_boulevard, vehumet_statue,
          uniq_robin

Skill      XL: |  1  2  3  4 |
---------------+-------------+-----
Axes           | 3 4 5 |  5.3
Fighting       | |  2.0
Throwing       | |  1.0
Armour         | |  1.1
Dodging        | |  2.1
Spellcasting   | |  2.0
Translocations | |  2.4

Action                   |  1- 3 |  4- 6 || total
-------------------------+-------+-------++-------
Melee: Hand axe          |    75 |    34 ||   109
       Kick              |    11 |    13 ||    24
       Peck              |    13 |     2 ||    15
Throw: Boomerang         |     7 |       ||     7
  Use: Scroll            |       |     4 ||     4
Armor: Leather armour    |    13 |       ||    13
       Ring mail         |     5 |     7 ||    12
Dodge: Dodged            |    33 |    17 ||    50

Table legend:
 A = Non-vault XP
 B = Vault XP
 C = Vault XP percentage of total XP
 D = Non-vault monster count
 E = Vault monster count
 F = Vault count percentage of total count
                 A         B        C        D         E       F
            +---------+---------+-------+---------+---------+-------
      Total |     125 |      27 |  17.8 |      47 |       8 |  14.5
            +---------+---------+-------+---------+---------+-------
        D:1 |      37 |       0 |   0.0 |      23 |       0 |   0.0
        D:2 |      55 |       3 |   5.2 |      20 |       2 |   9.1
        D:3 |      33 |      24 |  42.1 |       4 |       6 |  60.0
            +---------+---------+-------+---------+---------+-------
